 Seeded DCSS version 0.29-a0-1065-g47a6bb87d6 (webtiles) character file.

Game seed: 1 (custom seed)

32 Kazon the Covered (level 2, 0/26 HPs)
             Began as a Demigod Fighter on Aug 18, 2022.
             Slain by a gnoll
             ... wielding a +0 spear
              (5 damage)
             ... on level 2 of the Dungeon.
             The game lasted 00:04:32 (695 turns).

Kazon the Covered (Demigod Fighter)                  Turns: 695, Time: 00:04:32

Health: 0/26       AC:  6    Str: 17    XL:     2   Next: 93%
Magic:  4/4        EV:  9    Int: 10    God:
Gold:   121        SH:  4    Dex: 13    Spells: 1/1 levels left

rFire   . . .      SeeInvis .   a - +0 flail
rCold   . . .      Faith    .   c - +0 buckler
rNeg    . . .      Spirit   .   b - +0 scale mail
rPois   .          Reflect  .   (no helmet)
rElec   .          Harm     .   (no cloak)
rCorr   .          Rampage  .   (no gloves)
Will    .....                   (no boots)
Stlth   ..........              e - amulet of the acrobat
HPRegen 0.08/turn               (no ring)
MPRegen 0.09/turn               (no ring)

@: no status effects
A: high MP 1, forlorn, divine attributes
a: no special abilities


You were on level 2 of the Dungeon.
You visited 1 branch of the dungeon, and saw 2 of its levels.

You collected 121 gold pieces.

Inventory:

Hand Weapons
 a - a +0 flail (weapon)
 w - a +5 hand crossbow of freezing
Armour
 b - a +0 scale mail (worn)
 c - a +0 buckler (worn)
Jewellery
 e - an amulet of the acrobat (around neck)
Scrolls
 i - a scroll of identify {unknown}
Potions
 d - a potion of might
 f - a potion of haste {unknown}
 g - a potion of flight {unknown}
 h - a potion of attraction {unknown}


   Skills:
 + Level 3.0 Fighting
 + Level 1.7 Maces & Flails
 + Level 1.0 Ranged Weapons
 + Level 3.1 Armour
 + Level 2.8 Shields


You had one spell level left.
You didn't know any spells.
Your spell library was empty.

Dungeon Overview and Level Annotations

Branches:
Dungeon (2/15)


Innate Abilities, Weirdness & Mutations

You have an increased reservoir of magic. (+10% MP)
You shall have no god before yourself.
Your divine heritage dramatically boosts your attributes as you level up.


Message History

You kill the gnoll!
You block the gnoll's attack.
Your Ranged Weapons skill increases to level 1!
Fire: w) +5 hand crossbow (freeze)
Press: ? - help, Q - select action Shift-Dir - straight line, f/p - gnoll
Aim: a gnoll, wielding a +0 spear and quivering a throwing net (69% to hit)
You shoot a bolt. The bolt barely misses the gnoll.
You block the gnoll's attack.
The gnoll throws a throwing net.
The throwing net hits you.
You become entangled in the net!
You cannot shoot with your hand crossbow while held in a net.
You cannot shoot with your hand crossbow while held in a net.
Unknown command.
Your +5 hand crossbow of freezing stops glowing.
a - a +0 flail (weapon)
Sorry, you're not good enough to have a special ability.
You struggle against the net.
The gnoll hits you but does no damage.
You struggle against the net.
The gnoll hits you from afar with a +0 spear.
You rip the net and break free!
The gnoll closely misses you. You block the gnoll's attack.
You see here a frilled lizard corpse.
You completely miss the gnoll. The gnoll hits you but does no damage.
The gnoll hits you with a +0 spear.
A gnoll comes into view. It is wielding a +0 whip.
You completely miss the gnoll.
The gnoll shouts!
The gnoll hits you with a +0 spear.
You hit the gnoll.
The gnoll is lightly wounded.
The gnoll hits you with a +0 spear.
* * * LOW HITPOINT WARNING * * *
You barely miss the gnoll. The gnoll hits you but does no damage.
You barely miss the gnoll. The gnoll closely misses you.
You block the gnoll's attack.
You barely miss the gnoll. The gnoll closely misses you.
The gnoll hits you but does no damage.
You closely miss the gnoll. The gnoll hits you but does no damage.
The gnoll misses you.
The gnoll hits you from afar with a +0 spear.
You die...

### .. .#
#########.##
#....@gg...#
#.#######..# ##.##
..# ###...#### ..#
#........# K..
#.#...##.# ....
##.##.## .. ....g
#...#.#######......
#............(


You could see 2 gnolls.

Vanquished Creatures
  A gnoll (D:2)
  4 endoplasms (D:1)
  A giant cockroach (D:1)
  4 goblins (D:1)
  2 hobgoblins (D:1)
  2 kobolds
  A quokka (D:1)
  A bat (D:1)
  A frilled lizard (D:2)
  3 rats (D:1)
20 creatures vanquished.

Notes
Turn   | Place    | Note
-------+----------+-------------------------------------------
     0 | D:1      | Kazon the Demigod Fighter began the quest for the Orb.
     0 | D:1      | Reached XP level 1. HP: 18/18 MP: 3/3
    92 | D:1      | Identified a scroll of acquirement
    92 | D:1      | Acquired a +5 hand crossbow of freezing
   270 | D:1      | Reached XP level 2. HP: 26/26 MP: 4/4
   683 | D:2      | Reached skill level 1 in Ranged Weapons
   695 | D:2      | Slain by a gnoll

Illustrated notes

Levels and vault maps discovered:
D:1:      dpeg_arrival_three_smaller_balls, layout_basic
D:2:      layout_loops_ring

Skill      XL: |  1  2 |
---------------+-------+-----
Fighting       | 3 |  3.0
Armour         | 3 |  3.1
Ranged Weapons | 1 |  1.0
Maces & Flails | |  1.7
Shields        | |  2.8

Action                   || total
-------------------------++-------
Melee: Flail             ||    23
 Fire: Hand crossbow     ||    24
  Use: Scroll            ||     1
Armor: Scale mail        ||    20
Dodge: Dodged            ||    33
Block: Buckler           ||    16

Table legend: (Time is in decaauts)
 A = Elapsed time spent in this place.
 B = Non-inter-level travel time spent in this place.
 C = Inter-level travel time spent in this place.
 D = Time resting spent in this place.
 E = Time spent auto-exploring this place.
 F = Levels seen in this place.
 G = Mean time per level.
                   A        B        C        D        E       F      G
               +--------+--------+--------+--------+--------+-----+--------+
         Total |    723 |    713 |     10 |      0 |    196 |   2 |  361.5 |
       Dungeon |    723 |    713 |     10 |      0 |    196 |   2 |  361.5 |
               +--------+--------+--------+--------+--------+-----+--------+

Top non-repeatable levels by time:
     D:1: 667 daAuts
     D:2: 55 daAuts
